 Dungeon Crawl Stone Soup version 0.28.0 (webtiles) character file.

Game seed: 17479081109943194557

2 Tirrikindir the Shield-Bearer (level 1, -2/16 HPs)
             Began as an Octopode Fighter on Feb 15, 2022.
             Slain by a kobold (4 damage)
             ... on level 1 of the Dungeon.
             The game lasted 00:00:40 (74 turns).

Tirrikindir the Shield-Bearer (Octopode Fighter)      Turns: 74, Time: 00:00:41

Health: -2/16      AC:  1    Str: 15    XL:     1   Next: 30%
Magic:  1/1        EV: 13    Int: 10    God:
Gold:   11         SH:  4    Dex: 11    Spells: 0/0 levels left

rFire   . . .      SeeInvis .   a - +0 long sword
rCold   . . .      Faith    .   b - +0 buckler
rNeg    . . .      Spirit   .   (helmet restricted)
rPois   .          Reflect  .   (no amulet)
rElec   .          Harm     .   (no ring)
rCorr   .          Rampage  .   (no ring)
Will    .....                   (no ring)
Stlth   ++........              (no ring)
HPRegen 0.05/turn               (no ring)
MPRegen 0.07/turn               (no ring)
                                (no ring)
                                (no ring)

@: no status effects
A: almost no armour, amphibious, 8 rings, camouflage 1, gelatinous body 1,
(nimble swimmer 1), tentacles
a: no special abilities


You were on level 1 of the Dungeon.
You visited 1 branch of the dungeon, and saw 1 of its levels.

You collected 11 gold pieces.

Inventory:

Hand Weapons
 a - a +0 long sword (weapon)
Armour
 b - a +0 buckler (worn)
Scrolls
 d - a scroll of teleportation
 e - a scroll of identify {unknown}
 f - a scroll of summoning {unknown}
Potions
 c - a potion of might


   Skills:
 + Level 3.0 Fighting
 * Level 2.0 Long Blades
 + Level 3.0 Dodging
 + Level 0.2 Stealth
 + Level 3.0 Shields


You couldn't memorise any spells.
You didn't know any spells.
Your spell library was empty.

Dungeon Overview and Level Annotations

Branches:
Dungeon (1/15)

Altars:


Innate Abilities, Weirdness & Mutations

You cannot wear most types of armour.
You are amphibious.
You can wear up to eight rings at the same time.
Your skin changes colour to match your surroundings (Stealth+).
Your rubbery body absorbs attacks. (AC +1, EV +1)
((You are camouflaged when in or above water. (Stealth+)))
You have tentacles for arms and can constrict up to eight enemies at once.


Message History

A rat and a kobold come into view.
Found a scroll labelled ANOVUN WATO and 17 gold pieces.
You see here a scroll labelled ANOVUN WATO.
f - a scroll labelled ANOVUN WATO The helpless rat fails to defend itself.
You hit the rat.
You kill the rat!
You see here a rat corpse.
Found 17 stones.
Found a stone staircase leading down.
A hobgoblin and a bat come into view.
A kobold comes into view. It is wielding a +0 dagger.
The kobold shouts! x2
The kobold throws a stone.
The stone hits you.
The kobold throws a stone.
The stone closely misses you.
The kobold throws a stone.
The stone misses you.
You see here a rat corpse.
The kobold throws a stone.
You block the stone.
The kobold throws a stone.
The stone hits you.
The kobold throws a stone.
The stone misses you.
You see here a rat corpse.
You block the kobold's attack. The kobold hits you with a +0 dagger.
You block the kobold's attack.
A goblin comes into view. It is wielding a +0 club.
The kobold throws a stone.
The stone misses you.
The kobold throws a stone.
The stone barely misses you.
The kobold throws a stone.
The stone barely misses you.
The kobold throws a stone.
You block the stone. You block the kobold's attack.
The kobold hits you with a +0 whip.
The kobold throws a stone.
The stone hits you.
* * * LOW HITPOINT WARNING * * *
You closely miss the kobold. Your grab misses the kobold.
Your squeeze misses the kobold. The kobold hits you with a +0 dagger.
* * * LOW HITPOINT WARNING * * *
The kobold throws a stone.
The stone closely misses you. The kobold completely misses you.
You slash the kobold!
You kill the kobold!
The kobold throws a stone.
You block the stone. The kobold hits you with a +0 whip.
You die...

###......# #........#
#.#......# #####.#......#
#.....#.##..## ......#
#..# #..... #.†####
#.....###.....#
#......@K..##.#####
###.##.##g........#
#.##.........#
..$.....##.........###
##..........#......(..
#..................###
.............$.#g..K#
###.....>..............#
##.......................#


You could see a goblin and a kobold.

Vanquished Creatures
  A bat (D:1)
  A kobold (D:1)
  A rat (D:1)
3 creatures vanquished.

Notes
Turn   | Place    | Note
-------+----------+-------------------------------------------
     0 | D:1      | Tirrikindir the Octopode Fighter began the quest for the
                  | Orb.
     0 | D:1      | Reached XP level 1. HP: 16/16 MP: 1/1
    74 | D:1      | Slain by a kobold

Illustrated notes

Levels and vault maps discovered:
D:1:      psy_arrival_whirlpool, layout_rooms

Action                   || total
-------------------------++-------
Melee: Long sword        ||     5
       Constrict         ||     2
  Use: Scroll            ||     1
 Stab: Sleeping          ||     1
Dodge: Dodged            ||     8
Block: Buckler           ||     7
